 Dungeon Crawl Stone Soup version 0.30.1-10-g1249ef9ec4 (webtiles) character file.

Game seed: 2044688821754953320

9 lonewolfV2 the Trooper (level 2, -1/20 (24) HPs)
             Began as a Demonspawn Fighter on Oct 26, 2023.
             Slain by a quokka (2 damage)
             ... on level 1 of the Dungeon.
             The game lasted 00:00:45 (494 turns).

lonewolfV2 the Trooper (Demonspawn Fighter)          Turns: 494, Time: 00:00:46

HP:   -1/20 (24)    AC:  6    Str: 16    XL:     2   Next: 3%
MP:   2/2           EV:  9    Int: 11    God:
Gold: 34            SH:  4    Dex: 12    Spells: 1/1 levels left

rFire   . . .        a - +0 war axe
rCold   . . .        c - +0 buckler
rNeg    . . .        b - +0 scale mail
rPois   .            (no helmet)
rElec   .            (no cloak)
rCorr   .            (no gloves)
SInv    .            (no boots)
Will    .....        (no amulet) Stlth
                     (no ring)
HPRegen 0.23/turn    (no ring)
MPRegen 0.08/turn

%: no passive effects
@: heavily drained
A: big brain 1
a: no special abilities


You were on level 1 of the Dungeon.
You visited 1 branch of the dungeon, and saw 1 of its levels.

You collected 34 gold pieces.

Inventory:

Hand Weapons
 a - a +0 war axe (weapon)
Armour
 b - a +0 scale mail (worn)
 c - a +0 buckler (worn)
Jewellery
 f - an amulet of reflection
Scrolls
 g - a scroll of blinking {unknown}
Potions
 d - a potion of might
 e - a potion of flight {unknown}
 h - a potion of magic {unknown}
 i - a potion of heal wounds {unknown}


   Skills:
 - Level 3.0 Fighting
 - Level 1.7 Axes
 + Level 2.9 Armour
 * Level 1.2 Dodging
 - Level 2.6 Shields


You had one spell level left.
You didn't know any spells.
Your spell library contained the following spells:

 Spells                   Type           Power      Damage    Failure   Level
 Stone Arrow              Conj/Erth      0%         3d7       99%         3
 Animate Armour           Summ/Erth      0%         N/A       100%        4
 Lehudib's Crystal Spear  Conj/Erth      0%         10d2      100%        8


Dungeon Overview and Level Annotations

Branches:
Dungeon (1/15)

Altars:


Innate Abilities, Weirdness & Mutations

You have an unusually large brain. (Int +2)


Message History

The quokka bites you but does no damage.
The quokka bites you but does no damage.
You block the quokka's attack. You block the quokka's attack.
The quokka bites you. You block the quokka's attack.
The quokka closely misses you. The quokka bites you.
* * * LOW HITPOINT WARNING * * *
The quokka completely misses you. The quokka barely misses you.
The quokka closely misses you. You block the quokka's attack.
The quokka barely misses you.
The quokka bites you but does no damage.
The quokka barely misses you. You block the quokka's attack.
The quokka closely misses you.
The quokka bites you but does no damage.
You block the quokka's attack. You block the quokka's attack.
You block the quokka's attack. The quokka bites you.
The quokka bites you but does no damage.
The quokka closely misses you. You block the quokka's attack.
The quokka bites you but does no damage.
The quokka barely misses you. The quokka bites you.
* * * LOW HITPOINT WARNING * * *
The quokka bites you.
* * * LOW HITPOINT WARNING * * *
The quokka barely misses you. You block the quokka's attack.
The quokka bites you.
* * * LOW HITPOINT WARNING * * *
The quokka bites you but does no damage.
The quokka closely misses you. You block the quokka's attack.
The quokka bites you.
* * * LOW HITPOINT WARNING * * *
The quokka bites you.
You die...

.# ≈# . ≈# .. ≈# ##(# ≈# #...#
~# #.#########..# .#
............##.# .# #..@r....#
.# ...####.############# '#
....................# .#
######....#########.# ##
........'.# #.# ###
..###....#.# #.# (.# #.....#.#
#.# ..# .#..#...#.#######.####
..####....#.##...#.........†..#


You could see a quokka.

Vanquished Creatures
  A giant cockroach (D:1)
  2 goblins (D:1)
  A hobgoblin (D:1)
  2 ball pythons (D:1)
  A bat (D:1)
  A rat (D:1)
8 creatures vanquished.

Notes
Turn   | Place    | Note
-------+----------+-------------------------------------------
     0 | D:1      | lonewolfV2 the Demonspawn Fighter began the quest for the
                  | Orb.
     0 | D:1      | Reached XP level 1. HP: 18/18 MP: 1/1
   280 | D:1      | Reached skill level 1 in Dodging
   340 | D:1      | Gained mutation: You have an unusually large brain. (Int
                  | +2) [demonic ancestry]
   340 | D:1      | Reached XP level 2. HP: 15/20 MP: 2/2
   490 | D:1      | HP: 1/20 [quokka (2)]
   494 | D:1      | Slain by a quokka

Illustrated notes

Levels and vault maps discovered:
D:1:      tarquinn_simple_flora_water_b, layout_basic

Skill      XL: |  1 |
---------------+----+-----
Dodging        | 1 |  1.2
Fighting       | |  3.0
Axes           | |  1.7
Armour         | |  2.9
Shields        | |  2.6

Action                     || total
---------------------------++-------
  Melee: War axe           ||    28
 Armour: Scale mail        ||    53
  Dodge: Dodged            ||    63
  Block: Buckler           ||    36
